 Dungeon Crawl Stone Soup version 0.30-a0-728-gc68057be0a (webtiles) character file.

Game seed: 11264488587280974667

337 browni3141 the Digger (level 6, -3/43 HPs)
             Began as a Human Earth Elementalist on Jan 30, 2023.
             Was an Initiate of Kikubaaqudgha.
             Slain by Duvessa
             ... wielding a +0 short sword
              (7 damage)
             ... on level 4 of the Dungeon.
             The game lasted 00:07:53 (4544 turns).

browni3141 the Digger (Human Earth Elementalist)    Turns: 4544, Time: 00:07:53

Health: -3/43      AC:  3    Str:  8    XL:     6   Next: 85%
Magic:  1/10       EV: 12    Int: 18    God:    Kikubaaqudgha [......]
Gold:   237        SH:  0    Dex: 13    Spells: 4/10 levels left

rFire   + . .      SeeInvis .    p - +0 dagger (freeze)
rCold   . . .      Faith    .    (no shield)
rNeg    . . .      Spirit   .    a - +0 robe
rPois   .          Reflect  .    j - +0 helmet
rElec   .          Harm     .    (no cloak)
rCorr   .          Rampage  .    (no gloves)
Will    .....                    (no boots)
Stlth   ++                       (no amulet)
HPRegen 0.27/turn                m - ring of protection from fire
MPRegen 0.12/turn                (no ring)

@: hasted, very quick
A: no striking features
a: Renounce Religion


You were on level 4 of the Dungeon.
You worshipped Kikubaaqudgha.
Kikubaaqudgha was noncommittal.
You visited 2 branches of the dungeon, and saw 5 of its levels.

You collected 237 gold pieces.

Inventory:

Hand Weapons
 c - a +0 dagger
 o - a +0 rapier
 p - a +0 dagger of freezing (weapon)
Missiles
 d - 3 poisoned darts
Armour
 a - a +0 robe (worn)
 j - a +0 helmet (worn)
Magical Staves
 f - a staff of death
Jewellery
 m - a ring of protection from fire (left hand)
Scrolls
 h - 2 scrolls of vulnerability
 i - 2 scrolls of enchant weapon
 n - a scroll of poison
 q - a scroll of fog {unknown}
 r - a scroll of teleportation {unknown}
 s - a scroll of identify
Potions
 b - a potion of magic
 e - 4 potions of haste
 k - a potion of lignification {unknown}
 l - a potion of heal wounds {unknown}


   Skills:
 - Level 1.0 Fighting
 - Level 2.0 Dodging
 - Level 2.0 Stealth
 * Level 2.7 Spellcasting
 - Level 3.0 Conjurations
 - Level 3.0 Transmutations
 - Level 5.0 Earth Magic


You had 4 spell levels left.
You knew the following spells:

 Your Spells              Type           Power      Damage    Failure   Level
a - Sandblast             Erth           40%        2d10      2%          1
b - Passwall              Tmut/Erth      13%        N/A       4%          2
c - Stone Arrow           Conj/Erth      32%        3d9       10%         3

Your spell library contained the following spells:

 Spells                   Type           Power      Damage    Failure   Level
 Petrify                  Tmut/Erth      16%        N/A       32%         4


Dungeon Overview and Level Annotations

Branches:
Dungeon (4/15)             Temple (1/1) D:4

Altars:
Ashenzari
Cheibriados
Dithmenos
Elyvilon
Fedhas
Gozag
Hepliaklqana
Kikubaaqudgha
Makhleb
Nemelex Xobeh
Okawaru
Qazlal
Ru
Sif Muna
Trog
Uskayaw
Vehumet
Wu Jian
Xom
Yredelemnul
Zin
The Shining One

Annotations:
D:4 Dowan, Duvessa


Message History

You are very lightly contaminated with residual magic.
Nothing appears to happen.
Duvessa hits you with a +0 short sword!
You aren't carrying any items that you can evoke.
You hit Duvessa but do no damage.
Duvessa is severely wounded.
Duvessa misses you.
You hit Duvessa. You freeze Duvessa.
Duvessa is almost dead.
Duvessa misses you.
You hit Duvessa. You freeze Duvessa.
Duvessa is almost dead.
Duvessa hits you with a +0 short sword. Dowan hits you with a +0 quarterstaff.
You hit Duvessa but do no damage.
Duvessa is almost dead.
Duvessa hits you with a +0 short sword! Dowan barely misses you.
You hit Duvessa. You freeze Duvessa.
Duvessa is almost dead.
Duvessa completely misses you. Dowan hits you with a +0 quarterstaff.
You barely miss Duvessa.
Duvessa is almost dead.
Duvessa barely misses you. Dowan hits you with a +0 quarterstaff!
* * * LOW HITPOINT WARNING * * *
You closely miss Duvessa.
Duvessa is almost dead.
Duvessa completely misses you. Dowan hits you but does no damage.
Your magical contamination has completely faded away.
You closely miss Duvessa.
Duvessa is almost dead.
Duvessa hits you with a +0 short sword.
* * * LOW HITPOINT WARNING * * *
Dowan hits you with a +0 quarterstaff.
* * * LOW HITPOINT WARNING * * *
Unknown command.
You feel better. Duvessa hits you with a +0 short sword!
* * * LOW HITPOINT WARNING * * *
Dowan gestures wildly while chanting.
Dowan blinks!
You feel yourself speed up. Duvessa hits you with a +0 short sword!
You die...
Kikubaaqudgha rasps: "You have failed me!
Welcome... death!"

.#........#### #.......#
..######### #..#....#
...### #..#.####
.....########## #..###
..........)...####..#
.#######........##..######
## ##................# #
##......##e§.......# #
##.........@..####### #
#...........>..#
######..............#
##..................#
...............####.##
[...............# #..#
######........### #### #
####....## ######


You could see Duvessa.

Vanquished Creatures
  A bullfrog (D:4)
  A scorpion (D:4)
  A hound (D:4)
  2 orc wizards (D:4)
  An adder (D:4)
  An ufetubus (D:4)
  A worm (D:3)
  3 dart slugs
  10 orcs
  3 bats
  7 endoplasms
  6 giant cockroaches
  5 hobgoblins
  18 jackals
  8 kobolds
  3 quokkas
  6 ball pythons
  A frilled lizard (D:2)
  10 goblins
  6 rats
94 creatures vanquished.

Notes
Turn   | Place    | Note
-------+----------+-------------------------------------------
     0 | D:1      | browni3141 the Human Earth Elementalist began the quest for
                  | the Orb.
     0 | D:1      | Reached XP level 1. HP: 13/13 MP: 3/3
    72 | D:1      | Reached skill level 1 in Fighting
   146 | D:1      | Reached XP level 2. HP: 21/21 MP: 0/5
   421 | D:1      | Reached XP level 3. HP: 26/26 MP: 4/6
   560 | D:1      | Reached skill level 4 in Earth Magic
  1217 | D:2      | Found a bloodstained altar of Trog.
  1394 | D:3      | Learned a level 2 spell: Passwall
  1398 | D:3      | Learned a level 3 spell: Stone Arrow
  1455 | D:3      | Reached XP level 4. HP: 32/32 MP: 5/7
  2369 | D:4      | Found a staircase to the Ecumenical Temple.
  2369 | D:4      | Noticed a scorpion
  2479 | D:4      | Noticed Duvessa
  2479 | D:4      | Noticed Dowan
  2506 | D:4      | Reached skill level 1 in Conjurations
  2506 | D:4      | Reached XP level 5. HP: 28/37 MP: 5/8
  2798 | D:4      | Found a hide-covered altar of Uskayaw.
  2799 | D:4      | Found a stormy altar of Qazlal.
  2799 | D:4      | Found an opulent altar of Gozag.
  2813 | D:4      | Found a shadowy altar of Dithmenos.
  2813 | D:4      | Found a bloodstained altar of Trog.
  2815 | D:4      | Found a sacrificial altar of Ru.
  2817 | D:4      | Found a white marble altar of Elyvilon.
  3266 | D:4      | Reached skill level 5 in Earth Magic
  3266 | D:4      | Reached XP level 6. HP: 14/43 MP: 2/9
  3282 | Temple   | Entered the Ecumenical Temple
  3602 | Temple   | Became a worshipper of Kikubaaqudgha
  4542 | D:4      | HP: 2/43 [Dowan/+0 quarterstaff (5)]
  4544 | D:4      | Slain by Duvessa

Illustrated notes

Levels and vault maps discovered:
D:1:      dpeg_arrival_lava_temple_mockup, layout_basic
D:2:      layout_loops_ring, basic_altar
D:3:      layout_loops_ring, nicolae_elevator_lobby_plus
D:4:      layout_cave_pods, grunt_temple_overflow_open,
          minmay_temple_entry_large_hall, amcnicky_mini_rare_corridor_liquid,
          uniq_duvessa
Temple:   regret_index_temple_generic_petals

Skill      XL: |  1  2  3  4  5  6 |
---------------+-------------------+-----
Fighting       | 1 |  1.0
Earth Magic    | 4 5 |  5.0
Conjurations   | 1 2 3 |  3.0
Transmutations | 2 3 |  3.0
Dodging        | |  2.0
Stealth        | |  2.0
Spellcasting   | |  2.7

Action                     |  1- 3 |  4- 6 || total
---------------------------+-------+-------++-------
  Melee: Unarmed           |     1 |       ||     1
         Dagger            |     4 |    20 ||    24
         Punch             |       |     1 ||     1
  Throw: Dart              |       |     4 ||     4
   Cast: Sandblast         |    53 |   102 ||   155
         Stone Arrow       |       |     2 ||     2
    Use: Scroll            |       |     6 ||     6
         Potion            |       |     4 ||     4
 Armour: Robe              |     4 |    15 ||    19
  Dodge: Dodged            |    16 |    77 ||    93

Table legend: (Time is in decaauts)
 A = Elapsed time spent in this place.
 B = Non-inter-level travel time spent in this place.
 C = Inter-level travel time spent in this place.
 D = Time resting spent in this place.
 E = Time spent auto-exploring this place.
 F = Levels seen in this place.
 G = Mean time per level.
                   A        B        C        D        E       F      G
               +--------+--------+--------+--------+--------+-----+--------+
         Total |   4608 |   4328 |    280 |    489 |   3133 |   5 |  921.6 |
       Dungeon |   4275 |   4037 |    238 |    489 |   2851 |   4 | 1068.8 |
        Temple |    333 |    291 |     42 |      0 |    282 |   1 |  333.0 |
               +--------+--------+--------+--------+--------+-----+--------+

Top non-repeatable levels by time:
     D:4: 1439 daAuts
     D:3: 1431 daAuts
     D:2: 713 daAuts
     D:1: 690 daAuts
  Temple: 333 daAuts
